Unix NetHack Version 5.0.0-0 post-release - last build May 22 2026 02:22:16 (99d1c3b6dc4b13757aaa5824b55bdea4e1e63757,branch:main).

Game began 2026-05-22 06:17:38, ended 2026-05-22 08:55:32.

ArrBianca, chaotic female elven Priestess

                      ############    #########
                     ##----------#    # -----
                    ## |.........#### # ..(.-
      ---------    ### +........|#  ###.\.>.|
      |......<-#####   |......%.|#    #  ...|
      |.......|    #   |........|o###h#    .|
      |.......         |......@hh#[h#k0-.   |
      ---------        ----------##     --
                                ###[###
                                      ###################

ArrBianca the Acolyte        St:13 Dx:15 Co:14 In:10 Wi:14 Ch:10  Chaotic
Dlvl:7  $:73 HP:0(37) Pw:41(41) AC:6  Xp:5 T:2260 

Latest messages:
 You are hit by a throwing star.
 You hit the gnomish wizard!
 The gnomish wizard points all around, then curses.
 The gnome lord picks up a throwing star.
 You feel more confident in your weapon skills.
 You hit the gnomish wizard.
 The air crackles around the gnomish wizard.
 The hobgoblin puts on an iron skull cap.
 The hobgoblin throws a dagger!
 It is missed.
 The hobgoblin is hit.
 You kill the gnomish wizard!
 The gnome lord hits!
 You are now more skilled in mace.
 You hit the gnome lord!
 You miss the gnome lord.
 The gnome lord hits!
 You hit the gnome lord!
 The goblin throws a dagger!
 The dagger hits the gnome lord.
 The gnome lord is killed!
 The goblin picks up a dagger.
 You kill the goblin!
 The hobgoblin picks up a dagger.
 The dwarf king puts on a cursed crude chain mail.
 You kill the hobgoblin!
 The gnome picks up an iron skull cap.
 You kill the gnome!
 You kill the hobgoblin!
 You are beginning to feel hungry.
 What do you want to eat? [efu or ?*] ?
 This food really hits the spot!
 You stop eating the food ration.
 In what direction? l
 The throwing star hits the bugbear.
 The bugbear picks up an iron skull cap.
 In what direction? l
 The throwing star misses the bugbear.
 You kill the bugbear!
 The dwarf king picks up a throwing star.
 What do you want to put on? [q or ?*] q
 q - an oval amulet (being worn).
 The dwarf king picks up an iron skull cap.
 You miss the dwarf king.
 The bugbear picks up a crude dagger.
 The dwarf king swings his broad pick.
 The dwarf king hits!
 You die...
 Do you want your possessions identified? [ynq] (y) y
 Do you want to see your attributes? [ynq] (y) q

Inventory:
 Coins    ('$')
  $ - 73 gold pieces
 Amulets  ('"')
  q - an amulet of ESP (being worn)
 Weapons  (')')
  A - a blessed +2 sling
  v - 7 cursed +0 darts
  a - a blessed +1 mace (weapon in left hand)
 Armor    ('[')
  c - a +0 small shield (being worn)
  b - a blessed +1 robe (being worn)
 Comestibles  ('%')
  e - 2 cloves of garlic
  u - a partly eaten food ration
  f - 2 sprigs of wolfsbane
 Scrolls  ('?')
  B - a scroll of identify
  o - a scroll of light
 Spellbooks  ('+')
  h - a spellbook of cure sickness
  g - a spellbook of light
  r - a spellbook of remove curse
 Potions  ('!')
  d - 4 potions of holy water
 Wands    ('/')
  w - a wand of striking (0:3)
  m - a wand of teleportation (0:5)
 Tools    ('(')
  i - a tooled horn
  l - a mirror
  j - a stethoscope
 Gems/Stones  ('*')
  z - a rock

ArrBianca the Priestess's attributes:

Background:
 You were an Acolyte, a level 5 elven Priestess.
 You were chaotic, on a mission for Poseidon
 who was opposed by Athena (lawful) and Hermes (neutral).
 You were left-handed.
 You were in the Dungeons of Doom, on level 7.
 You entered the dungeon 2260 turns ago.
 You had 258 experience points, 62 more were needed to attain level 6.

Basics:
 You had 0 out of 37 hit points.
 You had all 41 energy points (spell power).
 Your armor class was 6.
 Your wallet contained 73 zorkmids.
 Autopickup was on for '$?!/="+%' plus thrown, with exceptions.

Final Characteristics:
 Your strength was 13 (limit:18).
 Your dexterity was 15 (limit:18).
 Your constitution was 14 (limit:16).
 Your intelligence was 10 (limit:20).
 Your wisdom was 14 (limit:20).
 Your charisma was 10 (limit:18).

Final Status:
 You weren't hungry.
 You were unencumbered.
 You were wielding a mace.
 You were skilled in mace.

Final Attributes:
 You were piously aligned.
 You were sleep resistant.
 You were poison resistant.
 You were telepathic.
 You had infravision.
 You were guarded.
 Your spell casting was enhanced by wearing a robe.
 You are dead.

Miscellaneous:
 You didn't encounter any bones levels.
 Total elapsed playing time was 15 minutes and 13 seconds.

Major events:
 Turn
    1: ArrBianca the chaotic elven Priestess entered the dungeon
  811: attained the rank of Acolyte (level 3)
 1690: consulted the Oracle
 2260: killed by a dwarf king

Spells:
 Name                 Level Category     Fail Retention
 light                  1   clerical       0%   81%-90%
 cure sickness          3   healing       93%  76%-100%
 remove curse           3   clerical       0%  91%-100%

Skills:
 Fighting Skills
   bare handed combat [Unskilled]
 Weapon Skills
   club               [Unskilled]
   mace               [Skilled]
   morning star       [Unskilled]
   flail              [Unskilled]
   hammer             [Unskilled]
   quarterstaff       [Unskilled]
   polearms           [Unskilled]
   spear              [Unskilled]
   trident            [Unskilled]
   lance              [Unskilled]
   bow                [Unskilled]
   sling              [Unskilled]
   crossbow           [Unskilled]
   dart               [Unskilled]
   shuriken           [Unskilled]
   boomerang          [Unskilled]
   unicorn horn       [Unskilled]
 Spellcasting Skills
   healing spells     [Unskilled]
   divination spells  [Unskilled]
   clerical spells    [Basic]

Voluntary challenges:
 Character rerolling was not enabled.
 You never had a pet.
 You never genocided any monsters.
 You never polymorphed an object.
 You never changed form.
 You used no wishes.
Achievements:
 You attained the rank of Acolyte.
 You consulted the Oracle of Delphi.

 The Dungeons of Doom: levels 1 to 7
    Level 1:
       A fountain.
    Level 2:
       A fountain.
    Level 3:
       An altar.
    Level 4:
    Level 5:
       Many fountains.
       Oracle of Delphi.
    Level 6:
    Level 7: <- You were here.
       A throne.
       Final resting place for
          you, killed by a dwarf king.


Vanquished creatures:
  a bugbear
  2 Mordor orcs
  a gnome leader
  a gnomish wizard
  a baby crocodile
  a kobold leader
  a werejackal
 an iguana
  2 acid blobs
  a gas spore
  a hobbit
  3 hobgoblins
  3 cave spiders
  2 red molds
  a gnome
  4 geckos
  3 foxes
  3 kobolds
  3 goblins
  3 sewer rats
  3 grid bugs
  4 lichens
  2 kobold zombies
  2 newts
49 creatures vanquished.

No species were genocided or became extinct.

Game over:
                       ----------
                      /          \
                     /    REST    \
                    /      IN      \
                   /     PEACE      \
                  /                  \
                  |    ArrBianca     |
                  |      73 Au       |
                  |   killed by a    |
                  |    dwarf king    |
                  |                  |
                  |                  |
                  |       2026       |
                 *|     *  *  *      | *
        _________)/\\_//(\/(/\)/\//\/|_)_______

Goodbye ArrBianca the Priestess...

You died in The Dungeons of Doom on dungeon level 7 with 1429 points,
and 73 pieces of gold, after 2260 moves.
You were level 5 with a maximum of 37 hit points when you died.

